 Dungeon Crawl Stone Soup version 0.19-a0-291-ga637243 (webtiles) character file.

190 namelastname112 the Magician (level 5, 0/29 HPs)
             Began as a Deep Elf Wizard on May 28, 2016.
             Was an Initiate of Sif Muna.
             Hit by a stone thrown by a gnoll (5 damage)
             ... on level 3 of the Dungeon.
             The game lasted 00:07:19 (2424 turns).

namelastname112 the Magician (Deep Elf Wizard)      Turns: 2424, Time: 00:07:19

Health: 0/29       AC:  2    Str:  4    XL:     5   Next: 41%
Magic:  4/14       EV: 13    Int: 24    God:    Sif Muna [......]
Gold:   148        SH:  0    Dex: 13    Spells: 5 memorised, 3 levels left

rFire  . . .     SeeInvis .     n - +1 dagger (drain)
rCold  . . .     Gourm    .     a - +0 robe
rNeg   . . .     Faith    .     (no shield)
rPois  .         Spirit   .     b - +0 hat
rElec  .         Dismiss  .     (no cloak)
rCorr  .         Reflect  .     (no gloves)
SustAt .         Harm     .     (no boots)
MR     .....                    h - amulet of rage
Stlth  ++........               (no ring)
                                (no ring)

@: not resistant to hostile enchantments, unstealthy
A: no striking features
a: Renounce Religion, Evoke Berserk Rage


You were on level 3 of the Dungeon.
You worshipped Sif Muna.
Sif Muna was noncommittal.
You were very hungry.

You visited 1 branch of the dungeon, and saw 3 of its levels.

You collected 148 gold pieces.

Inventory:

Hand Weapons
 n - a +1 dagger of draining (weapon)
Armour
 a - a +0 robe (worn)
 b - a +0 hat (worn)
Jewellery
 h - an amulet of rage (around neck)
Wands
 m - a wand of enslavement (0/24)
Scrolls
 i - 6 scrolls of identify {unknown}
 j - a scroll of recharging {unknown}
 k - a scroll of remove curse {unknown}
Potions
 g - a potion of curing {unknown}
 l - a potion of cancellation {unknown}
Books
 c - a book of Minor Magic

   Spells                             Type                      Level
   a - Magic Dart                     Conjuration                  1
   b - Blink                          Translocation                2
   c - Call Imp                       Summoning                    2
   d - Repel Missiles                 Charms/Air                   2
   e - Slow                           Hexes                        2
   f - Conjure Flame                  Conjuration/Fire             3
   g - Mephitic Cloud                 Conjuration/Poison/Air       3
Comestibles
 d - 4 bread rations
 f - 5 fruits
 p - a beef jerky


   Skills:
 + Level 1.3 Fighting
 + Level 3.7 Dodging
 - Level 2.4 Stealth
 + Level 5.1 Spellcasting
 * Level 3.8 Conjurations
   Level 1.1 Summonings
 - Level 1.1 Translocations
 + Level 1.5 Invocations


You had 3 spell levels left.
You knew the following spells:

 Your Spells              Type           Power        Failure   Level  Hunger
a - Repel Missiles        Chrm/Air       #.....       14%         2    None
c - Conjure Flame         Conj/Fire      ###.....     14%         3    ##.....
s - Mephitic Cloud        Conj/Pois/Air  ##......     17%         3    ##.....
x - Blink                 Tloc           N/A          12%         2    None
z - Magic Dart            Conj           ###.         1%          1    None


Dungeon Overview and Level Annotations

Branches:
Dungeon (3/15)

Altars:
Ashenzari
Dithmenos
Fedhas
Makhleb
Pakellas
Sif Muna
Ukayaw
Xom
Zin


Message History

* * * LOW HITPOINT WARNING * * *
Your gnoll barely misses the jackal.
The jackal bites you but does no damage.
You take 1 damage, and have 8/29 hp.
You closely miss the jackal.
The jackal is almost dead.
The jackal closely misses you.
The jackal bites you but does no damage.
Your gnoll closely misses the jackal.
The jackal misses you.
You hit the jackal.
You kill the jackal!
The jackal bites you.
* * * LOW HITPOINT WARNING * * *
The gnoll throws a stone.
The stone hits you but does no damage.
Your gnoll hits the jackal with a whip!
The jackal dies!
You take 3 damage, and have 5/29 hp.
The gnoll throws a stone.
The stone misses you.
The gnoll throws a stone.
The stone hits you.
You die...

.#################
.......[....(....#
≈≈≈≈≈≈≈≈≈≈≈≈≈...P#
≈≈≈≈≈≈≈≈≈≈≈≈≈gg..#
≈≈≈≈≈≈#####≈≈((..#
......#g..#≈≈..(.#
#######...#≈≈P(.(#
#+###≈≈....#
#.≈≈≈...@#
#.≈≈≈....#
#.≈≈≈....#
#.≈≈≈..P.#
#.≈≈≈....#
#.≈≈≈....#
#.≈≈≈†...#
#.≈≈≈....# #
###≈≈....#


You could see a gnoll and a friendly gnoll.

Vanquished Creatures
  A gnoll shaman (D:3)
  10 gnolls (D:3)
  An ooze (D:3)
  2 dart slugs
  4 giant geckos
  3 bats
  2 giant cockroaches
  4 goblins
  7 hobgoblins
  9 jackals
  2 quokkas (D:3)
  A ball python (D:1)
  4 giant newts
  7 kobolds
  11 rats
68 creatures vanquished.

Vanquished Creatures (collateral kills)
  A jackal (D:3)
1 creature vanquished.

Vanquished Creatures (others)
  2 gnolls (D:3)
2 creatures vanquished.

Grand Total: 71 creatures vanquished

Notes
Turn   | Place    | Note
--------------------------------------------------------------
     0 | D:1      | namelastname112 the Deep Elf Wizard began the quest for the Orb.
     0 | D:1      | Reached XP level 1. HP: 10/10 MP: 7/7
    89 | D:1      | Wingboner: Кем бы мне сыграть...
   173 | D:1      | Reached XP level 2. HP: 12/15 MP: 2/9
   174 | D:1      | namelastname112: вампиром
   522 | D:1      | Wingboner: Да будет так.
   737 | D:2      | Reached XP level 3. HP: 20/20 MP: 2/11
   741 | D:2      | Learned a level 2 spell: Blink
   745 | D:2      | Learned a level 3 spell: Conjure Flame
   750 | D:2      | Learned a level 3 spell: Mephitic Cloud
   753 | D:2      | Learned a level 2 spell: Repel Missiles
  1257 | D:2      | Wingboner: Ну и старт выпал...
  1261 | D:2      | Found a shimmering altar of Xom.
  1262 | D:2      | Found a blossoming altar of Fedhas.
  1262 | D:2      | Found a glowing silver altar of Zin.
  1262 | D:2      | Found a hide-covered altar to Ukayaw.
  1262 | D:2      | Found a shattered altar of Ashenzari.
  1263 | D:2      | Found a shadowy altar of Dithmenos.
  1264 | D:2      | namelastname112: вандерер?
  1264 | D:2      | Found a burning altar of Makhleb.
  1266 | D:2      | Found a deep blue altar of Sif Muna.
  1267 | D:2      | Found an oddly glowing altar of Pakellas.
  1309 | D:2      | Became a worshipper of Sif Muna the Loreminder
  1321 | D:2      | Wingboner: Да, статы 11/15/12 и арбалет.
  1484 | D:2      | namelastname112: мне
  1484 | D:2      | namelastname112: ну статы норм в принципе
  1659 | D:3      | Reached skill level 1 in Fighting
  1769 | D:2      | Wingboner: Если б была магия.
  1775 | D:3      | Wingboner: А так я хз.
  1793 | D:3      | Reached XP level 4. HP: 22/25 MP: 1/12
  1925 | D:3      | Goblin1989: это
  1926 | D:3      | Goblin1989: зима и лето
  1940 | D:3      | Wingboner: Щито?
  1945 | D:3      | Goblin1989: а как ник свой зарегистрировать?
  1951 | D:3      | Reached skill level 1 in Invocations
  1970 | D:3      | Goblin1989: в ирке
  2040 | D:3      | namelastname112: да
  2040 | D:3      | namelastname112: это не обязательно
  2106 | D:3      | Wingboner: /ns help
  2112 | D:3      | Wingboner: Там всё написано.
  2120 | D:3      | Reached skill level 5 in Spellcasting
  2120 | D:3      | Reached XP level 5. HP: 17/29 MP: 2/14
  2315 | D:3      | Noticed an ogre
  2424 | D:3      | Hit by a stone thrown by a gnoll

Vault maps used:
D:1:      dpeg_arrival_simpleton_a, minmay_rat_gold_closets
D:2:      minitemple, first_bread, corexii_leaking_fountain
D:3:      lemuel_castle_with_subvaults

Skill      XL: |  1  2  3  4 |
---------------+-------------+-----
Conjurations   | 2 3 |  3.8
Dodging        | 3 |  3.7
Fighting       | 1 |  1.3
Invocations    | 1 |  1.5
Spellcasting   | 5 |  5.1
Stealth        | |  2.4
Summonings     | |  1.1
Translocations | |  1.1

Action                   |  1- 3 |  4- 6 || total
-------------------------+-------+-------++-------
Melee: Dagger            |     5 |     8 ||    13
 Cast: Magic Dart        |    98 |     9 ||   107
       Mephitic Cloud    |     3 |    12 ||    15
       Blink             |     2 |     1 ||     3
       Repel Missiles    |     1 |       ||     1
       Conjure Flame     |       |     1 ||     1
Evoke: Wand              |       |     4 ||     4
 Stab: Confused          |     1 |       ||     1
  Eat: Chunk             |     2 |     1 ||     3
       Fruit             |     1 |       ||     1
Armor: Robe              |     3 |     7 ||    10
Dodge: Dodged            |    17 |    23 ||    40
       Deflected         |       |     1 ||     1
